 Dungeon Crawl Stone Soup version 0.26.0-7-g794d0892b4 (webtiles) character file.

Game seed: 9617466802757084826

62907 dolemite99 the Severer (level 15, -2/124 (134) HPs)
             Began as a Hill Orc Fighter on Jan 11, 2021.
             Was the Champion of Makhleb.
             Killed from afar by an orc sorcerer (13 damage)
             ... with a bolt of negative energy
             ... led by an orc knight
             ... while paralysed by an orc sorcerer
             ... on level 1 of the Orcish Mines.
             The game lasted 00:34:09 (21714 turns).

dolemite99 the Severer (Hill Orc Fighter)          Turns: 21714, Time: 00:34:10

HP:   -2/124 (134)  AC: 31    Str: 32    XL:     15   Next: 7%
MP:   23/23         EV:  2    Int: 10    God:    Makhleb [******]
Gold: 1528          SH:  0    Dex: 16    Spells: 14/14 levels left

rFire    + + .     SeeInvis .   a - +3 broad axe (distort)
rCold    + + .     Faith    +   X - +0 tower shield
rNeg     . . .     Spirit   .   Q - +4 gold dragon scales
rPois    +         Reflect  .   B - +2 helmet
rElec    +         Harm     .   P - +0 cloak
rCorr    +         Rampage  .   (no gloves)
Will     +....                  c - +2 pair of boots
Stlth    ..........             p - amulet of faith
HPRegen  0.30/turn              t - ring of the Suburbs {Str+6 Int+2, =R}
MPRegen  0.18/turn              D - +6 ring of dexterity

@: paralysed, resistant, drained
A: no striking features
a: Renounce Religion, Minor Destruction, Lesser Servant of Makhleb, Major
Destruction, Greater Servant of Makhleb


You were on level 1 of the Orcish Mines.
You worshipped Makhleb.
Makhleb was exalted by your worship.
You visited 3 branches of the dungeon, and saw 19 of its levels.
You also visited: Bailey.

You collected 2194 gold pieces.
You spent 666 gold pieces at shops.

Inventory:

Hand Weapons
 a - a +3 broad axe of distortion (weapon)
 f - a +0 broad axe
 k - a +2 vorpal executioner's axe
Missiles
 b - 120 sling bullets
 g - 10 poisoned darts
 m - 6 javelins
 s - 34 boomerangs (quivered)
 Y - a throwing net
Armour
 c - a +2 pair of boots (worn)
 B - a +2 helmet (worn)
 P - a +0 cloak (worn)
 Q - +4 gold dragon scales (worn)
 X - a +0 tower shield (worn)
Magical Staves
 d - an uncursed staff of death {unknown}
Jewellery
 p - an amulet of faith (around neck)
 t - the ring of the Suburbs (left hand) {Str+6 Int+2, =R}
   (You acquired it on level 10 of the Dungeon)

   [ring of strength]

   It affects your strength (+6).
   It affects your intelligence (+2).
 C - an uncursed ring of protection from fire
 D - a +6 ring of dexterity (right hand)
 R - an uncursed ring of poison resistance
 T - an uncursed ring of magical power
 V - a -4 ring of protection
 Z - an uncursed ring of ice
Wands
 q - a wand of flame (19)
 r - a wand of disintegration (47)
 v - a wand of polymorph (11)
 G - a wand of enslavement (24)
 J - a wand of digging (6)
 U - a wand of random effects (22)
Scrolls
 h - 10 scrolls of teleportation
 l - 3 scrolls of vulnerability
 n - 2 scrolls of amnesia
 o - 4 scrolls of blinking
 x - 3 scrolls of immolation
 y - a scroll of fear
 z - 14 scrolls of remove curse {@r2}
 A - 6 scrolls of identify {@r1}
 I - 2 scrolls of silence
 W - a scroll of magic mapping
Potions
 e - 2 potions of haste
 i - 14 potions of curing
 j - a potion of invisibility
 w - 6 potions of brilliance
 E - 3 potions of flight
 F - a potion of might
 L - a potion of cancellation
 M - a potion of heal wounds
 N - 3 potions of lignification
 S - a potion of attraction
Miscellaneous
 u - a phial of floods (inert)
 H - a box of beasts
 K - a tin of tremorstones (2/2)


   Skills:
 - Level 12.4 Fighting
 - Level 16.2 Axes
 - Level 7.2 Throwing
 - Level 12.2 Armour
 + Level 13.0 Shields
 - Level 11.0 Invocations
 - Level 6.1 Evocations


You had 14 spell levels left.
You didn't know any spells.
Your spell library contained the following spells:

 Spells                   Type           Power        Failure   Level
 Beastly Appendage        Tmut           0%           100%        1
 Corona                   Hex            0%           100%        1
 Foxfire                  Conj/Fire      0%           100%        1
 Freeze                   Ice            0%           100%        1
 Ensorcelled Hibernation  Hex/Ice        0%           100%        2
 Wereblood                Tmut           0%           100%        2
 Confusing Touch          Hex            0%           100%        3
 Dazzling Flash           Conj/Hex       0%           100%        3
 Frozen Ramparts          Ice            0%           100%        3
 Ozocubu's Armour         Ice            0%           100%        3
 Spider Form              Tmut/Pois      0%           100%        3
 Tukima's Dance           Hex            0%           100%        3
 Cause Fear               Hex            0%           100%        4
 Hailstorm                Conj/Ice       0%           100%        4
 Ice Form                 Ice/Tmut       0%           100%        4
 Summon Ice Beast         Ice/Summ       0%           100%        4
 Blade Hands              Tmut           0%           100%        5
 Bolt of Magma            Conj/Fire/Erth 0%           100%        5
 Iskenderun's Battlesphe  Conj           0%           100%        5
 Iron Shot                Conj/Erth      0%           100%        6
 Dragon Form              Tmut           0%           100%        7
 Orb of Destruction       Conj           0%           100%        7
 Spellforged Servitor     Conj/Summ      0%           100%        7
 Dragon's Call            Summ           0%           100%        9


Dungeon Overview and Level Annotations

Branches:
Dungeon (12/15)            Temple (0/1) D:4            Lair (6/6) D:9
 Shoals (0/4) Lair:4        Snake (0/4) Lair:3        Slime (0/5) Lair:6
    Orc (1/2) D:10         Bailey (visited)

Altars:
Ashenzari
Makhleb
Ru
The Shining One

Shops:
D:9 :   Orc:1 *


Message History

Aim: an orc sorcerer, wielding a +0 dagger and wearing a +0 robe (severely wounded, covered in acid)
The puff of flame misses the orc sorcerer.
The orc sorcerer casts a spell.
Send 'em back where they came from!
Your smoke demon shudders.
Your neqoxec shudders.
Your neqoxec gestures.
The orc sorcerer casts a spell at you. The bolt of negative energy hits you!!
You feel drained.
* * * LOW HITPOINT WARNING * * *
The bolt of negative energy hits your neqoxec.
Your neqoxec completely resists.
Things that are here:
a +0 hand axe; a +0 ring mail The orc sorcerer points at you and mumbles some strange words.
You suddenly lose the ability to move!
Your ufetubus closely misses the orc sorcerer.
Your ufetubus hits the orc sorcerer.
The orc sorcerer points at you and mumbles some strange words.
The bolt of negative energy hits you!
You feel drained.
You die...

... #... ...## ##....
....) >..... #..)..
#....# ###.....§
##...###.....)# ####
##.....##))...#
#..####...#...3))...#
#....##..#...@3))..##
####.....>.....o.55...#
...........#'#.5#..#.##
.........#.'∩'....####
...........#)###...#
......#........#####
.....##........#
...######....### .....#
.......#


You could see an orc sorcerer (corroded), a friendly smoke demon (summoned), a
friendly neqoxec (summoned), a friendly white imp (summoned), a friendly shadow
imp (summoned) and a friendly ufetubus (summoned).

Vanquished Creatures
  An orc warlord (Bailey)
  Fannar (Orc:1)
  A hydra (Lair:5)
  Erica (Lair:2)
  A catoblepas (Lair:3)
  3 two-headed ogres
  8 death yaks
  A tengu warrior (D:11)
  Nergalle (Lair:1)
  An unseen horror (D:11)
  2 lindwurms (Lair:4)
  An orc knight (Orc:1)
  2 manticores
  A centaur zombie (D:10)
  Maurice (D:8)
  2 black mambas
  A gargoyle (D:11)
  19 cane toads
  A centaur skeleton (D:10)
  9 komodo dragons
  2 kobold demonologists
  2 rime drakes
  3 trolls (Orc:1)
  A wind drake (Lair:4)
  9 polar bears
  4 hornets
  3 dream sheep (Lair:6)
  Sigmund (D:4)
  14 spriggans (Lair:6)
  A shadow (D:10)
  A wyvern (Lair:6)
  A basilisk (Lair:3)
  21 yaks
  Eustachio (D:6)
  2 nagas (Lair:3)
  12 orc warriors
  5 water moccasins
  2 ice beasts
  3 sky beasts
  6 black bears
  5 ogres
  4 boggarts (Lair:6)
  2 phantoms
  14 centaurs
  26 wolves
  12 big kobolds
  17 bullfrogs
  A wyvern zombie (D:11)
  5 scorpions
  A wyvern skeleton (D:7)
  3 troll zombies (D:10)
  9 killer bees
  4 wights (D:7)
  3 electric eels
  6 howler monkeys
  A bullfrog zombie (D:9)
  5 hounds
  6 jellies
  11 orc priests
  13 orc wizards
  7 worker ants
  2 iguanas
  9 hell rats
  4 ogre zombies (D:10)
  A hound skeleton (D:4)
  6 gnolls
  10 adders
  2 shadow imps
  2 white imps
  7 ufetubi
  2 oozes
  4 adder skeletons
  5 worms
  6 leopard geckos
  40 orcs
  5 giant cockroaches
  10 goblins
  10 hobgoblins
  11 jackals
  4 quokkas
  7 bats
  9 frilled lizards
  4 goblin zombies (D:10)
  6 hobgoblin skeletons (D:10)
  2 hobgoblin zombies (D:10)
  26 kobolds
  A leopard gecko skeleton (D:5)
  13 orc zombies (D:10)
  A quokka zombie (D:6)
  7 rats
523 creatures vanquished.

Vanquished Creatures (collateral kills)
  A stone giant (Orc:1)
  8 hydras
  An orc knight (Orc:1)
  A cyclops (D:11)
  An orc sorcerer (Orc:1)
  2 black mambas
  A cane toad (Lair:3)
  2 trolls (Orc:1)
  A wyvern (Lair:6)
  4 yaks (Lair:6)
  2 basilisks
  A naga (Lair:3)
  A sky beast (D:6)
  5 water moccasins
  Duvessa (D:6)
  An orc warrior (Orc:1)
  A wolf (Lair:2)
  2 bullfrogs
  Dowan (D:6)
  3 killer bees (D:8)
  A gnoll shaman (D:7)
  An orc priest (Orc:1)
  A bullfrog skeleton (D:7)
  A worker ant (D:6)
  2 hell rats (Lair:1)
  An adder (D:7)
  5 gnolls
  An adder zombie (D:7)
  8 orcs
  A giant cockroach (D:7)
  9 kobolds
71 creatures vanquished.

Vanquished Creatures (others)
  A death yak (Lair:6)
  A polar bear (Lair:6)
  A killer bee (D:11)
  A kobold (D:3)
  23 fungi
  36 plants
63 creatures vanquished.

Grand Total: 657 creatures vanquished

Notes
Turn   | Place    | Note
-------+----------+-------------------------------------------
     0 | D:1      | dolemite99 the Hill Orc Fighter began the quest for the
                  | Orb.
     0 | D:1      | Reached XP level 1. HP: 19/19 MP: 1/1
    49 | D:1      | Reached skill level 3 in Axes
   286 | D:1      | Reached XP level 2. HP: 26/26 MP: 2/2
   522 | D:1      | Reached skill level 4 in Axes
   992 | D:2      | Reached XP level 3. HP: 31/31 MP: 3/3
  1058 | D:2      | Found a faded altar of an unknown god.
  1086 | D:2      | Became a worshipper of Makhleb the Destroyer
  1086 | D:2      | Reached * piety under Makhleb
  1240 | D:2      | Reached skill level 5 in Axes
  1279 | D:2      | Reached XP level 4. HP: 11/39 MP: 4/4
  2263 | D:3      | Noticed a phantom
  2270 | D:3      | Killed a phantom
  2271 | D:3      | Reached skill level 7 in Axes
  2271 | D:3      | Reached XP level 5. HP: 45/45 MP: 5/5
  2470 | D:2      | You fall into a shaft and drop 1 floor!
  2876 | D:2      | Found a burning altar of Makhleb.
  3224 | D:3      | Reached ** piety under Makhleb
  3315 | D:3      | Reached skill level 8 in Axes
  3342 | D:3      | Reached XP level 6. HP: 51/51 MP: 6/6
  3348 | D:3      | Reached skill level 1 in Invocations
  3727 | D:4      | Noticed Sigmund
  3743 | D:4      | Killed Sigmund
  3744 | D:4      | Reached XP level 7. HP: 57/57 MP: 7/10
  3828 | D:4      | Reached skill level 9 in Axes
  3834 | D:4      | Reached skill level 5 in Invocations
  4100 | D:4      | Found a staircase to the Ecumenical Temple.
  4286 | D:4      | Reached XP level 8. HP: 64/64 MP: 12/12
  4470 | D:5      | Entered Level 5 of the Dungeon
  4476 | D:5      | Reached skill level 10 in Axes
  4582 | D:5      | Reached *** piety under Makhleb
  5479 | D:6      | Reached skill level 11 in Axes
  5508 | D:6      | Reached XP level 9. HP: 54/70 MP: 15/15
  5770 | D:6      | Noticed Eustachio
  5783 | D:6      | Killed Eustachio
  5790 | D:6      | Noticed Dowan
  5791 | D:6      | Noticed Duvessa
  5818 | D:6      | Killed Duvessa
  5821 | D:6      | Killed Dowan
  6366 | D:7      | Reached **** piety under Makhleb
  6482 | D:7      | Reached skill level 10 in Invocations
  6834 | D:7      | Reached skill level 5 in Fighting
  7535 | D:7      | Found a broken altar of Ashenzari.
  7556 | D:7      | Reached skill level 5 in Armour
  7556 | D:7      | Reached skill level 5 in Shields
  7693 | D:7      | Found a sacrificial altar of Ru.
  8111 | D:8      | Reached XP level 10. HP: 76/83 MP: 17/17
  8430 | D:8      | Found a flagged portal.
  8447 | Bailey   | Entered a bailey
  8452 | Bailey   | Noticed an orc warlord
  8584 | Bailey   | Found a runed translucent gate.
  8586 | Bailey   | Found a runed translucent gate.
  8587 | Bailey   | Found a runed translucent gate.
  8815 | Bailey   | Killed an orc warlord
  8859 | Bailey   | Reached skill level 16 in Axes
  8859 | Bailey   | Reached XP level 11. HP: 91/91 MP: 19/19
  8936 | D:8      | Noticed Maurice
  8959 | D:8      | Killed Maurice
  9304 | D:8      | Identified a scroll of acquirement
  9304 | D:8      | Acquired a +2 vorpal executioner's axe
 10358 | D:9      | Found a staircase to the Lair.
 10711 | D:9      | Found Izaeviha's Book Shop.
 10789 | D:10     | Entered Level 10 of the Dungeon
 10904 | D:10     | Noticed a sun demon
 10927 | D:10     | Reached ***** piety under Makhleb
 11091 | D:10     | Found a staircase to the Orcish Mines.
 11130 | D:10     | Acquired 749 gold pieces
 11236 | D:10     | Reached XP level 12. HP: 103/103 MP: 20/20
 11251 | D:10     | Noticed a two-headed ogre
 11261 | D:10     | Killed a two-headed ogre
 11517 | D:10     | Reached ****** piety under Makhleb
 11982 | D:10     | Acquired the ring of the Suburbs {Str+6 Int+2}
 12040 | D:11     | Noticed a two-headed ogre
 12049 | D:11     | Killed a two-headed ogre
 12297 | D:11     | Reached skill level 10 in Armour
 12303 | D:11     | Noticed a tengu warrior
 12315 | D:11     | Killed a tengu warrior
 12316 | D:11     | Reached skill level 10 in Fighting
 12383 | D:11     | Noticed a two-headed ogre
 12390 | D:11     | Killed a two-headed ogre
 13204 | D:11     | Got a bronze chain mail
 13467 | D:11     | Found a glowing golden altar of the Shining One.
 13679 | Lair:1   | Entered Level 1 of the Lair of Beasts
 13955 | Lair:1   | Reached skill level 1 in Evocations
 14258 | Lair:1   | Noticed a five-headed hydra
 14269 | Lair:1   | Killed a five-headed hydra
 14530 | Lair:1   | Noticed Nergalle
 14540 | Lair:1   | Killed Nergalle
 14541 | Lair:1   | Reached XP level 13. HP: 107/115 MP: 21/21
 14586 | Lair:1   | Reached skill level 5 in Evocations
 14973 | Lair:2   | Noticed Erica
 14983 | Lair:2   | Killed Erica
 15241 | Lair:2   | Reached skill level 1 in Throwing
 15328 | Lair:2   | You fall into a shaft and drop 1 floor!
 15331 | Lair:3   | Identified the +5 chain mail of Noughts and Crosses
                  | {*Contam Harm Rampage Stlth+} (You found it on level 11 of
                  | the Dungeon)
 16129 | Lair:3   | Found a staircase to the Snake Pit.
 16322 | Lair:3   | Reached skill level 5 in Throwing
 17268 | Lair:4   | Found a staircase to the Shoals.
 17744 | Lair:4   | Paralysed by a hornet for 2 turns
 18345 | Lair:5   | Reached XP level 14. HP: 46/126 MP: 22/22
 19497 | Lair:6   | Entered Level 6 of the Lair of Beasts
 20148 | Lair:6   | Reached skill level 10 in Shields
 20152 | Lair:6   | Identified the cursed +3 falchion "Impslayer" {vorpal,
                  | Fragile rC++ MP+9 Int+8} (You found it on level 6 of the
                  | Lair of Beasts)
 20337 | Lair:6   | Found a staircase to the Slime Pits.
 21217 | Orc:1    | Entered Level 1 of the Orcish Mines
 21239 | Orc:1    | Noticed a stone giant
 21258 | Orc:1    | Killed a stone giant
 21366 | Orc:1    | Noticed Fannar
 21385 | Orc:1    | Killed Fannar
 21386 | Orc:1    | Reached XP level 15. HP: 58/134 MP: 23/23
 21633 | Orc:1    | Found Vuxkucs's General Store.
 21644 | Orc:1    | Bought a +2 pair of boots for 247 gold pieces
 21649 | Orc:1    | Bought a scroll of magic mapping for 52 gold pieces
 21649 | Orc:1    | Bought a potion of might for 60 gold pieces
 21649 | Orc:1    | Bought a wand of polymorph (11) for 195 gold pieces
 21649 | Orc:1    | Bought a scroll of silence for 112 gold pieces
 21694 | Orc:1    | Paralysed by an orc sorcerer for 4 turns
 21713 | Orc:1    | Paralysed by an orc sorcerer for 2 turns
 21714 | Orc:1    | Killed from afar by an orc sorcerer

Illustrated notes

Levels and vault maps discovered:
D:1:      elethiomel_arrival_infinity_welcomes_careful_drivers, layout_basic
D:2:      layout_loops_corners, chequers_ecumenical_altar_lobes,
          makhleb_heckhound_becter
D:3:      layout_loops_ring, serial_park_tiny_pond,
          chequers_serial_rivers_micro_a
D:4:      layout_rooms, minmay_temple_entry_butterflies, minmay_joined_circles,
          uniq_sigmund
D:5:      layout_basic
D:6:      layout_loops_ring, minmay_tree_intersection, st_stairs_3,
          uniq_duvessa, uniq_eustachio
D:7:      layout_loops_ring, nicolae_overflow_hidden_temple,
          nicolae_water_bricks, evilmike_ruin_ashenzari
D:8:      layout_cave_pods, enter_bailey_7, minmay_crystal_room, uniq_maurice
D:9:      layout_irregular_city, lair_entry_dummy, serial_shops,
          kennysheep_little_box, minivault_4
D:10:     layout_loops_corners, zombieorc2_lemuel, special_room
          [special_room_kobold]
D:11:     layout_long_grid, nicolae_tso_swordbearing_angel
D:12:     minmay_strange_plus, layout_loops_corners, palyth_stone_intersect,
          uniq_azrael
Lair:1:   layout_regular_city, lemuel_fruit_fields, serial_bayou_shore_b,
          uniq_nergalle
Lair:2:   layout_regular_city, st_stairs_13, uniq_erica
Lair:3:   layout_cave_pods, guppyfry_snake_entry_island, grunt_megastairs_3
Lair:4:   cheibrodos_lair_overgrown_chateau, layout_cave_pods,
          minmay_shoals_entry_beasts, cheibrodos_lair_lostbears
Lair:5:   layout_regular_city
Lair:6:   minmay_lair_end_enchanted_forest, layout_misc_corridors,
          nicolae_slime_entry_slimehenge, st_stairs_6
Orc:1:    layout_diamond_mine, serial_shops, nicolae_shop_behind_doors,
          uniq_fannar

Skill      XL: |  1  2  3  4  5  6  7  8  9 10 11 12 13 14 15 |
---------------+----------------------------------------------+-----
Axes           | 3 4 5 7 8 9 11 16 | 16.2
Invocations    | 4 6 9 10 11 | 11.0
Fighting       | 5 6 8 11 12 | 12.4
Armour         | 5 6 9 11 12 | 12.2
Shields        | 5 6 12 13 | 13.0
Evocations     | 4 6 |  6.1
Throwing       | 7 |  7.2

Action                   |  1- 3 |  4- 6 |  7- 9 | 10-12 | 13-15 || total
-------------------------+-------+-------+-------+-------+-------++-------
Melee: War axe           |   106 |   123 |   159 |    54 |       ||   442
       Broad axe         |       |       |       |   342 |   509 ||   851
Throw: Javelin           |     2 |       |       |     2 |       ||     4
       Boomerang         |       |     6 |       |    61 |   169 ||   236
       Dart              |       |     4 |    16 |    10 |       ||    30
       Stone             |       |       |       |    37 |       ||    37
Invok: Minor Destruction |       |       |   103 |    51 |    22 ||   176
       Lesser Servant of |       |       |     5 |    16 |    23 ||    44
       Major Destruction |       |       |       |       |     2 ||     2
Evoke: Wand              |       |       |       |       |     5 ||     5
       Box of beasts     |       |       |       |       |     2 ||     2
       Phial of floods   |       |       |       |       |     3 ||     3
  Use: Potion            |     1 |     2 |     2 |     3 |     2 ||    10
       Scroll            |       |     6 |     9 |    13 |    10 ||    38
 Stab: Distracted        |       |       |       |     3 |     2 ||     5
Armor: Scale mail        |    38 |       |       |       |       ||    38
       Chain mail        |    12 |    54 |    91 |    33 |       ||   190
       Skin              |       |       |    21 |       |       ||    21
       Plate armour      |       |       |       |    38 |       ||    38
       Gold dragon scale |       |       |       |   264 |   398 ||   662
Dodge: Dodged            |    45 |    21 |    29 |    76 |    57 ||   228
Block: Kite shield       |    64 |    61 |   118 |   268 |   148 ||   659
       Reflection        |       |     3 |     6 |       |       ||     9
       Tower shield      |       |       |       |       |   316 ||   316
